HSSL
SANTA FE HS CHIEFS @ OCEANSIDE HS PIRATES
04/05/2024
 
TOP OF THE 1ST
Santa Fe HS Chiefs batting - Pitching for Oceanside HS Pirates : RHP Mike Heath
Pitching: RHP Mike Heath
Batting: LHB Derrek Robinson 0-0: Ball
1-0: Swinging Strike
1-1: Foul Ball, location: 2F
1-2: Ball
2-2: Ball
3-2: Foul Ball, location: 2F
3-2: Fly out, F9 (Flyball, 9M)
Batting: RHB Thomas Barnes 0-0: Ball
1-0: Swinging Strike
1-1: Ball
2-1: Ground out 6-3 (Groundball, 6)
Batting: SHB Oliver Riley 0-0: Ball
1-0: Called Strike
1-1: Called Strike
1-2: SINGLE (Groundball, 4MD)
Batting: RHB Ben Ware 0-0: Hit by Pitch
Oliver Riley to second
Batting: SHB Walton Locke 0-0: Called Strike
0-1: Foul Ball, location: 2F
0-2: Fly out, F5 (Popup, 5S)
Top of the 1st over - 0 run(s), 1 hit(s), 0 error(s), 2 left on base; Santa Fe HS 0 - Oceanside HS 0
BOTTOM OF THE 1ST
Oceanside HS Pirates batting - Pitching for Santa Fe HS Chiefs : RHP Jeffery Young
Pitching: RHP Jeffery Young
Batting: RHB Stan Taylor 0-0: Foul Ball, location: 2F
0-1: Swinging Strike
0-2: Foul Ball, location: 2F
0-2: Ball
1-2: Ball
2-2: Foul Ball, location: 2F
2-2: Foul Ball, location: 2F
2-2: Ball
3-2: Foul Ball, location: 2F
3-2: SINGLE (Line Drive, 6D)
Batting: LHB Michael Hanson 0-0: Called Strike
0-1: Fielders Choice at 2nd, 1-6 (Groundball, 13S)
Batting: LHB Chris Goodwin 0-0: Called Strike
0-1: Ball
1-1: Swinging Strike
1-2: Strikes out swinging
Michael Hanson steals 2nd base
Batter strikes out.
Batting: LHB Jon Quinn 0-0: Ball
1-0: Ground out 4-3 (Groundball, 4)
Bottom of the 1st over - 0 run(s), 1 hit(s), 0 error(s), 1 left on base; Santa Fe HS 0 - Oceanside HS 0
TOP OF THE 2ND
Santa Fe HS Chiefs batting - Pitching for Oceanside HS Pirates : RHP Mike Heath
Batting: RHB Ron Kramer 0-0: Called Strike
0-1: SINGLE (Line Drive, 89M)
Batting: SHB Ernest Hood 0-0: Called Strike
0-1: Ball
1-1: Foul Ball, location: 2F
1-2: Ball
2-2: Foul Ball, location: 2F
2-2: Strikes out swinging
Batting: RHB Brady Holland 0-0: Called Strike
0-1: Ball
1-1: Foul Ball, location: 2F
1-2: Strikes out swinging
Batting: RHB Kevin Cochrane 0-0: Ball
1-0: Foul Ball, location: 2F
1-1: Swinging Strike
1-2: 2-RUN HOME RUN (Line Drive, 7LD), Distance : 363 ft
Batting: LHB Derrek Robinson 0-0: Ball
1-0: DOUBLE (Line Drive, 78M)
Batting: RHB Thomas Barnes 0-0: Ground out 6-3 (Groundball, 6)
Top of the 2nd over - 2 run(s), 3 hit(s), 0 error(s), 1 left on base; Santa Fe HS 2 - Oceanside HS 0
BOTTOM OF THE 2ND
Oceanside HS Pirates batting - Pitching for Santa Fe HS Chiefs : RHP Jeffery Young
Batting: RHB Jeffery Evans 0-0: Ball
1-0: Called Strike
1-1: Ball
2-1: Ball
3-1: Fly out, F9 (Flyball, 9LM)
Batting: RHB Juan Reyes 0-0: Ball
1-0: Swinging Strike
1-1: Fly out, F9 (Flyball, 9D)
Batting: SHB Ryan Holcomb 0-0: Foul Ball, location: 2F
0-1: Ball
1-1: Ball
2-1: Ball
3-1: Ground out U3 (Groundball, 3S)
Bottom of the 2nd over - 0 run(s), 0 hit(s), 0 error(s), 0 left on base; Santa Fe HS 2 - Oceanside HS 0
TOP OF THE 3RD
Santa Fe HS Chiefs batting - Pitching for Oceanside HS Pirates : RHP Mike Heath
Batting: SHB Oliver Riley 0-0: Called Strike
0-1: Ball
1-1: Foul Ball, location: 2F
1-2: Ball
2-2: Ball
3-2: Base on Balls
Batting: RHB Ben Ware 0-0: Foul Ball, location: 2F
0-1: Ball
1-1: Ball
2-1: Ball
3-1: Called Strike
3-2: Foul Ball, location: 2F
3-2: Foul Ball, location: 2F
3-2: Foul Ball, location: 2F
3-2: Base on Balls
Oliver Riley to second
Batting: SHB Walton Locke 0-0: 3-RUN HOME RUN (Flyball, 89XD), Distance : 423 ft
Batting: RHB Ron Kramer 0-0: Ball
1-0: Ball
2-0: Called Strike
2-1: Ball
3-1: Base on Balls
Batting: SHB Ernest Hood 0-0: Called Strike
0-1: Foul Ball, location: 2F
0-2: Foul Ball, location: 2F
0-2: Fielders Choice at 2nd, 3-6 (Groundball, 3)
Batting: RHB Brady Holland 0-0: Called Strike
Ernest Hood steals 2nd base
0-1: Called Strike
0-2: Ground out 6-3 (Groundball, 6)
Ernest Hood to third
Batting: RHB Kevin Cochrane 0-0: Ball
1-0: Ball
2-0: Ball
3-0: Base on Balls
Batting: LHB Derrek Robinson 0-0: Ball
1-0: Foul Ball, location: 2F
1-1: Ground out 2-3 (Groundball, 2L)
Top of the 3rd over - 3 run(s), 1 hit(s), 0 error(s), 2 left on base; Santa Fe HS 5 - Oceanside HS 0
BOTTOM OF THE 3RD
Oceanside HS Pirates batting - Pitching for Santa Fe HS Chiefs : RHP Jeffery Young
Batting: RHB Joe Rogers 0-0: Called Strike
0-1: Foul Ball, location: 2F
0-2: Ball
1-2: Ball
2-2: Strikes out swinging
Batting: LHB Greg Sharpe 0-0: Ball
1-0: SINGLE (Groundball, 4MD)
Batting: RHB Stan Taylor 0-0: Called Strike
0-1: Foul Ball, location: 2F
0-2: Ball
1-2: Ball
2-2: Fielders Choice at 2nd, 6-4 (Groundball, 6)
Batting: LHB Michael Hanson 0-0: Ball
Stan Taylor steals 2nd base
1-0: Ball
2-0: Ball
3-0: Called Strike
3-1: Base on Balls
Batting: LHB Chris Goodwin 0-0: Ball
1-0: Called Strike
1-1: Fly out, F7 (Flyball, 78S)
Bottom of the 3rd over - 0 run(s), 1 hit(s), 0 error(s), 2 left on base; Santa Fe HS 5 - Oceanside HS 0
TOP OF THE 4TH
Santa Fe HS Chiefs batting - Pitching for Oceanside HS Pirates : RHP Mike Heath
Batting: RHB Thomas Barnes 0-0: Called Strike
0-1: Foul Ball, location: 2F
0-2: Ground out 3-1 (Groundball, 34S)
Batting: SHB Oliver Riley 0-0: Foul Ball, location: 2F
0-1: Ball
1-1: Foul Ball, location: 2F
1-2: Ground out 4-3 (Groundball, 4)
Batting: RHB Ben Ware 0-0: Called Strike
0-1: Ball
1-1: Called Strike
1-2: Ball
2-2: Foul Ball, location: 2F
2-2: Ball
3-2: Base on Balls
Pitching: LHP Bob Wallace
Batting: SHB Walton Locke 0-0: Swinging Strike
0-1: Ball
1-1: DOUBLE (Flyball, 78D)
Ben Ware to third
Batting: RHB Ron Kramer 0-0: Called Strike
0-1: Ball
1-1: Ball
2-1: Ball
3-1: Ground out 4-3 (Groundball, 34)
Top of the 4th over - 0 run(s), 1 hit(s), 0 error(s), 2 left on base; Santa Fe HS 5 - Oceanside HS 0
BOTTOM OF THE 4TH
Oceanside HS Pirates batting - Pitching for Santa Fe HS Chiefs : RHP Jeffery Young
Batting: LHB Jon Quinn 0-0: Swinging Strike
0-1: Ball
1-1: Foul Ball, location: 2F
1-2: Ball
2-2: Ball
3-2: Foul Ball, location: 2F
3-2: Ground out 4-3 (Groundball, 34)
Batting: RHB Jeffery Evans 0-0: Ball
1-0: Called Strike
1-1: Ball
2-1: Called Strike
2-2: Ball
3-2: Base on Balls
Batting: RHB Juan Reyes 0-0: Ball
Jeffery Evans is caught stealing 2nd base
1-0: Ball
2-0: Called Strike
2-1: Fly out, F9 (Flyball, 89M)
Bottom of the 4th over - 0 run(s), 0 hit(s), 0 error(s), 0 left on base; Santa Fe HS 5 - Oceanside HS 0
TOP OF THE 5TH
Santa Fe HS Chiefs batting - Pitching for Oceanside HS Pirates : LHP Bob Wallace
Batting: SHB Ernest Hood 0-0: Ball
1-0: Ball
2-0: Foul Ball, location: 2F
2-1: Ball
3-1: Base on Balls
Batting: RHB Brady Holland 0-0: Ball
1-0: Fly out, F9 (Flyball, 89S)
Batting: RHB Kevin Cochrane 0-0: Called Strike
0-1: Called Strike
0-2: Ball
1-2: Ball
2-2: Ball
3-2: Base on Balls
Ernest Hood to second
Batting: LHB Derrek Robinson 0-0: Swinging Strike
0-1: Ball
1-1: Ball
2-1: SINGLE (Line Drive, 6D)
Ernest Hood to third
Kevin Cochrane to second
Batting: RHB Thomas Barnes 0-0: Called Strike
0-1: SINGLE (Flyball, 8LM)
Ernest Hood scores
Kevin Cochrane to third
Derrek Robinson to second
Runner from 3rd tries for Home, SAFE, throw made home
Derrek Robinson to third
Thomas Barnes to second
Batting: SHB Oliver Riley 0-0: Foul Ball, location: 2F
0-1: Ball
1-1: Foul Ball, location: 2F
1-2: Ball
2-2: DOUBLE (Line Drive, 8LXD)
Derrek Robinson scores
Thomas Barnes scores
Pitching: RHP Thomas Hoffman
Batting: RHB Ben Ware 0-0: Ball
Oliver Riley is caught stealing 3rd base
1-0: Ball
2-0: Foul Ball, location: 2F
2-1: Foul Ball, location: 2F
2-2: Strikes out swinging
Top of the 5th over - 4 run(s), 3 hit(s), 0 error(s), 0 left on base; Santa Fe HS 9 - Oceanside HS 0
BOTTOM OF THE 5TH
Oceanside HS Pirates batting - Pitching for Santa Fe HS Chiefs : RHP Jeffery Young
Batting: SHB Ryan Holcomb 0-0: Foul Ball, location: 2F
0-1: Ball
1-1: Ball
2-1: Ball
3-1: Called Strike
3-2: Base on Balls
Batting: RHB Joe Rogers 0-0: Called Strike
0-1: Ball
Ryan Holcomb steals 2nd base
1-1: Ball
2-1: Ball
3-1: Called Strike
3-2: Fly out, F9 (Popup, 4D)
Pitching: RHP Mike Smith
Batting: LHB Greg Sharpe 0-0: Called Strike
0-1: Ball
1-1: Called Strike
1-2: Ball
2-2: Strikes out looking
Batting: RHB Stan Taylor 0-0: Ball
1-0: Swinging Strike
1-1: Foul Ball, location: 2F
1-2: Foul Ball, location: 2F
1-2: Ground out 6-3 (Groundball, 6MD)
Bottom of the 5th over - 0 run(s), 0 hit(s), 0 error(s), 1 left on base; Santa Fe HS 9 - Oceanside HS 0
TOP OF THE 6TH
Santa Fe HS Chiefs batting - Pitching for Oceanside HS Pirates : RHP Thomas Hoffman
Batting: SHB Walton Locke 0-0: Foul Ball, location: 2F
0-1: Ball
1-1: Ball
2-1: Fly out, F8 (Flyball, 8RM)
Batting: RHB Ron Kramer 0-0: Ball
1-0: Foul Ball, location: 2F
1-1: Ball
2-1: SINGLE (Line Drive, 9S)
Batting: SHB Ernest Hood 0-0: Ball
1-0: Called Strike
1-1: Called Strike
1-2: Ball
2-2: Ball
3-2: Strikes out looking
Batting: RHB Brady Holland 0-0: Swinging Strike
0-1: Foul Ball, location: 2F
0-2: Ball
1-2: Strikes out swinging
Top of the 6th over - 0 run(s), 1 hit(s), 0 error(s), 1 left on base; Santa Fe HS 9 - Oceanside HS 0
BOTTOM OF THE 6TH
Oceanside HS Pirates batting - Pitching for Santa Fe HS Chiefs : RHP Mike Smith
Batting: LHB Michael Hanson 0-0: Ball
1-0: Bunt for hit - play at first, batter safe!
Batting: LHB Chris Goodwin 0-0: Ball
1-0: SINGLE (Groundball, 34S)
Michael Hanson to second
Runner from 2nd tries for 3rd, SAFE, no throw or cutoff
Batting: LHB Jon Quinn 0-0: Ball
1-0: Ball
2-0: Called Strike
2-1: Ball
3-1: Base on Balls
Chris Goodwin to second
Batting: RHB Jeffery Evans 0-0: Ball
1-0: Swinging Strike
1-1: Foul Ball, location: 2F
1-2: Ground out 4-3 (Groundball, 4M)
Michael Hanson scores
Chris Goodwin to third
Jon Quinn to second
Batting: RHB Juan Reyes 0-0: Ball
1-0: Fly out, F8 (Line Drive, 8LD)
Runner from 3rd tags up, SCORES, no throw
Batting: SHB Ryan Holcomb 0-0: Fly out, F8 (Flyball, 8RM)
Bottom of the 6th over - 2 run(s), 2 hit(s), 0 error(s), 1 left on base; Santa Fe HS 9 - Oceanside HS 2
TOP OF THE 7TH
Santa Fe HS Chiefs batting - Pitching for Oceanside HS Pirates : RHP Thomas Hoffman
Batting: RHB Kevin Cochrane 0-0: Ball
1-0: Foul Ball, location: 2F
1-1: SINGLE (Flyball, 89S)
Batting: LHB Derrek Robinson 0-0: Bunted foul
0-1: Bunted foul
0-2: Foul Ball, location: 2F
0-2: Strikes out swinging
Pitching: LHP Mariano García
Batting: RHB Thomas Barnes 0-0: Called Strike
0-1: SINGLE (Flyball, 8RS)
Kevin Cochrane to second
Batting: SHB Oliver Riley 0-0: Grounds into double play, 6-4-3 (Groundball, 6)
Top of the 7th over - 0 run(s), 2 hit(s), 0 error(s), 1 left on base; Santa Fe HS 9 - Oceanside HS 2
BOTTOM OF THE 7TH
Oceanside HS Pirates batting - Pitching for Santa Fe HS Chiefs : RHP Mike Smith
Batting: RHB Joe Rogers 0-0: Called Strike
0-1: Ball
1-1: Ball
2-1: Called Strike
2-2: Ball
3-2: Fly out, F7 (Flyball, 7LM)
Pitching: RHP Buddy Wickett
Batting: LHB Greg Sharpe 0-0: Called Strike
0-1: Called Strike
0-2: SINGLE (Line Drive, 34)
Batting: RHB Stan Taylor 0-0: Called Strike
0-1: Called Strike
0-2: Fly out, F6 (Popup, 6D)
Batting: LHB Michael Hanson 0-0: Ball
1-0: Foul Ball, location: 2F
1-1: Called Strike
1-2: Foul Ball, location: 2F
1-2: Strikes out swinging
Bottom of the 7th over - 0 run(s), 1 hit(s), 0 error(s), 1 left on base; Santa Fe HS 9 - Oceanside HS 2
TOP OF THE 8TH
Santa Fe HS Chiefs batting - Pitching for Oceanside HS Pirates : LHP Mariano García
Pinch Hitting: RHB Stan Murray 0-0: Called Strike
0-1: Ground out 5-3 (Groundball, 6)
Batting: SHB Walton Locke 0-0: Ball
1-0: Ball
2-0: Swinging Strike
2-1: Called Strike
2-2: Strikes out swinging
Batting: RHB Ron Kramer 0-0: Foul Ball, location: 2F
0-1: Ball
1-1: Called Strike
1-2: Ball
2-2: Foul Ball, location: 2F
2-2: Foul Ball, location: 2F
2-2: Strikes out looking
Top of the 8th over - 0 run(s), 0 hit(s), 0 error(s), 0 left on base; Santa Fe HS 9 - Oceanside HS 2
BOTTOM OF THE 8TH
Oceanside HS Pirates batting - Pitching for Santa Fe HS Chiefs : RHP Buddy Wickett
Now in RF: Carlos Gómez
Batting: LHB Chris Goodwin 0-0: Foul Ball, location: 2F
0-1: Ball
1-1: Ball
2-1: Foul Ball, location: 2F
2-2: Strikes out swinging
Batting: LHB Jon Quinn 0-0: DOUBLE (Line Drive, 8LM)
Batting: RHB Jeffery Evans 0-0: Fly out, F3 (Popup, 3SF)
Batting: RHB Juan Reyes 0-0: Ball
1-0: Foul Ball, location: 2F
1-1: Ball
2-1: Swinging Strike
2-2: Foul Ball, location: 2F
2-2: SINGLE (Line Drive, 3D)
Jon Quinn to third
Runner from 3rd tries for Home, SAFE, no throw or cutoff
Batting: SHB Ryan Holcomb 0-0: Ball
1-0: Ball
2-0: Foul Ball, location: 2F
2-1: Foul Ball, location: 2F
2-2: Strikes out swinging
Bottom of the 8th over - 1 run(s), 2 hit(s), 0 error(s), 1 left on base; Santa Fe HS 9 - Oceanside HS 3
TOP OF THE 9TH
Santa Fe HS Chiefs batting - Pitching for Oceanside HS Pirates : LHP Mariano García
Batting: SHB Ernest Hood 0-0: Fly out, F2 (Popup, 2RF)
Batting: RHB Brady Holland 0-0: Ball
1-0: Foul Ball, location: 2F
1-1: SOLO HOME RUN (Flyball, 78XD), Distance : 437 ft
Batting: RHB Kevin Cochrane 0-0: Called Strike
0-1: Called Strike
0-2: Ball
1-2: Ball
2-2: Strikes out swinging
Batting: LHB Derrek Robinson 0-0: Foul Ball, location: 2F
0-1: Foul Ball, location: 2F
0-2: Ground out 4-3 (Groundball, 4)
Top of the 9th over - 1 run(s), 1 hit(s), 0 error(s), 0 left on base; Santa Fe HS 10 - Oceanside HS 3
BOTTOM OF THE 9TH
Oceanside HS Pirates batting - Pitching for Santa Fe HS Chiefs : RHP Buddy Wickett
Batting: RHB Joe Rogers 0-0: Ball
1-0: Foul Ball, location: 2F
1-1: SINGLE (Flyball, 9LS)
Batting: LHB Greg Sharpe 0-0: 2-RUN HOME RUN (Flyball, 7D), Distance : 407 ft
Pitching: RHP Rudy England
Batting: RHB Stan Taylor 0-0: Ball
1-0: Fly out, F6 (Line Drive, 6)
Batting: LHB Michael Hanson 0-0: Ball
1-0: DOUBLE (Flyball, 78XD)
Batting: LHB Chris Goodwin 0-0: Ball
1-0: Called Strike
1-1: Ball
2-1: Ball
3-1: Base on Balls
Batting: LHB Jon Quinn 0-0: Ball
1-0: Foul Ball, location: 2F
1-1: Ball
2-1: Ball
3-1: Called Strike
3-2: Foul Ball, location: 2F
3-2: Base on Balls
Michael Hanson to third
Chris Goodwin to second
Batting: RHB Jeffery Evans 0-0: Ball
1-0: Ball
2-0: Fly out, F3 (Popup, 4)
Batting: RHB Juan Reyes 0-0: Foul Ball, location: 2F
0-1: Called Strike
0-2: Strikes out swinging
Bottom of the 9th over - 2 run(s), 3 hit(s), 0 error(s), 3 left on base; Santa Fe HS 10 - Oceanside HS 5
This league is powered by Out of the Park Baseball, the baseball management simulation game for PC, Mac and Linux
Saturday, April 9th, 2016 - OOTP Baseball 16.8 Build 38